 Dungeon Crawl Stone Soup version 0.25-a0-786-g5b70d41e48 (webtiles) character file.

Game seed: 5687788441246831603, levelgen mode: deterministic

823 Hartz the Digger (level 7, -4/32 HPs)
             Began as a Gargoyle Earth Elementalist on Apr 18, 2020.
             Slain by a wraith (9 damage)
             ... in an ossuary.
             The game lasted 00:10:49 (4944 turns).

Hartz the Digger (Gargoyle Earth Elementalist)      Turns: 4944, Time: 00:10:50

Health: -4/32      AC:  6    Str: 12    XL:     7   Next: 96%
Magic:  3/14       EV: 12    Int: 17    God:
Gold:   117        SH:  0    Dex: 10    Spells: 10/16 levels left

rFire    . . .     SeeInvis .   h - +6 shillelagh "Devastator" {shatter}
rCold    . . .     Gourm    .   (no shield)
rNeg     + . .     Faith    .   c - +0 robe
rPois    ∞         Spirit   .   (helmet restricted)
rElec    +         Reflect  .   (no cloak)
rCorr    .         Harm     .   (no gloves)
MR       .....     Rnd*Tele +   (no boots)
Stlth    ++........             (no amulet)
HPRegen  0.10/turn              l - ring of teleportation (curse)
MPRegen  0.14/turn              (no ring)

@: slowed, very slow
A: antennae 1, blurry vision 1, frail 1, negative energy resistance 1,
electricity resistance, unbreathing, petrification resistance, rot immunity, AC
+4
a: no special abilities


You were in an ossuary.
You were hungry.

You visited 1 branch of the dungeon, and saw 5 of its levels.
You also visited: Ossuary.

You collected 117 gold pieces.

Inventory:

Hand Weapons
 e - a +0 dagger
 h - the +6 shillelagh "Devastator" (weapon) {shatter}
   (You found it on level 5 of the Dungeon)
 i - a +0 flail
 j - a +4 dagger
 m - a +1 short sword of freezing
Missiles
 b - 73 stones (quivered)
 g - 2 throwing nets
Armour
 c - a +0 robe (worn)
 n - a +0 helmet
Jewellery
 l - a cursed ring of teleportation (left hand)
Wands
 t - a wand of digging (6)
Scrolls
 f - 2 scrolls of blinking
 o - a scroll of remove curse
 p - 2 scrolls of magic mapping
 q - a scroll of fog {unknown}
 u - 3 scrolls of identify
Potions
 a - a potion of curing
 k - a potion of lignification
 r - 2 potions of flight {unknown}
 s - 3 potions of heal wounds
 v - a potion of magic
Comestibles
 d - 8 rations


   Skills:
 - Level 1.5 Dodging
 - Level 2.1 Stealth
 + Level 5.0 Spellcasting
 + Level 4.9 Conjurations
   Level 0.7 Transmutations
 + Level 7.1 Earth Magic


You had 10 spell levels left.
You knew the following spells:

 Your Spells              Type           Power        Failure   Level  Hunger
a - Sandblast             Erth           ####..       1%          1    None
b - Stone Arrow           Conj/Erth      ###...       3%          3    ###....
c - Ensorcelled Hibernat  Hex/Ice        #.....       22%         2    #......

Your spell library contained the following spells:

 Spells                   Type           Power        Failure   Level  Hunger
 Passwall                 Tmut/Erth      ###.....     4%          2    #......
 Corona                   Hex            #......      14%         1    None
 Dazzling Flash           Conj/Hex       ##....       16%         3    ###....
 Lee's Rapid Deconstruct  Erth           ####......   21%         5    ######.
 Petrify                  Tmut/Erth      ###.....     28%         4    ####...
 Confusing Touch          Hex            #.......     38%         3    ###....
 Tukima's Dance           Hex            #.......     38%         3    ###....


Dungeon Overview and Level Annotations

Branches:
Dungeon (5/15)            Ossuary (1/1)
 Temple: D:4-7

Altars:
Kikubaaqudgha
Makhleb
Ru
Sif Muna
Trog
Xom
Yredelemnul


Innate Abilities, Weirdness & Mutations

You are resistant to torment.
Your stone body is resilient. (AC +4)
You are immune to poison.
You resist negative energy. (rN+)
You are resistant to electric shocks. (rElec)
You can survive without breathing.
You are immune to petrification.
You are immune to rotting.
You have a pair of small antennae on your head.
Scrolls take you a little longer to read.
You are frail. (-10% HP)


Message History

The blast of sand hits the wraith but does no damage.
The wraith is moderately damaged.
b - 74 stones The wraith misses you.
Casting: Sandblast (safe; 1% risk of failure)
Confirm with . or Enter, or press ? or * to list all spells.
Aiming: Sandblast (safe; 1% risk of failure)
Press: ? - help, Shift-Dir - straight line, f/p - wraith
Aim: a wraith (moderately damaged)
The blast of sand hits the wraith.
The wraith is heavily damaged.
b - 73 stones The wraith hits you!
The wraith drains your vigour!
You feel yourself slow down.
You closely miss the wraith.
The wraith is heavily damaged.
The wraith hits you!
* * * LOW HITPOINT WARNING * * *
The wraith hits you!
You die...

################
#.@.............#
#.W##..###..# +.#
#.#.#..#z#..# #.#
#.###..###..###.# #
#...............# #
#.###.......###.###
#.#z#.......#z#.'..
#.###.......###.###
#...............# #


You could see a wraith and a flying skull.

Vanquished Creatures
  A phantom (D:4)
  An ogre (D:4)
  A necrophage (D:5)
  A scorpion (D:4)
  2 wights (Ossuary)
  A centaur skeleton (D:4)
  A hound (D:4)
  2 orc priests
  Jessica (D:2)
  2 orc wizards (D:4)
  2 worker ants (D:4)
  A mummy (D:5)
  Robin (D:2)
  3 gnolls (D:2)
  6 adders
  An ooze (D:1)
  A worm (D:4)
  2 leopard geckos
  16 orcs
  2 bat zombies (D:4)
  3 giant cockroaches
  9 goblins
  11 hobgoblins
  3 jackals (D:1)
  7 kobolds
  2 quokkas
  A ball python (D:3)
  A ball python skeleton (Ossuary)
  5 bats
  5 frilled lizards
  A hobgoblin skeleton (Ossuary)
  4 hobgoblin zombies
  2 kobold zombies
  An orc skeleton (Ossuary)
  2 rats (D:1)
105 creatures vanquished.

Notes
Turn   | Place    | Note
-------+----------+-------------------------------------------
     0 | D:1      | Hartz the Gargoyle Earth Elementalist began the quest for
                  | the Orb.
     0 | D:1      | Reached XP level 1. HP: 10/10 MP: 3/3
   628 | D:1      | Reached skill level 4 in Earth Magic
   628 | D:1      | Reached XP level 2. HP: 8/15 MP: 3/5
  1598 | D:2      | Noticed Robin
  1605 | D:1      | Reached XP level 3. HP: 13/19 MP: 0/6
  1610 | D:1      | Learned a level 3 spell: Stone Arrow
  1928 | D:2      | Reached skill level 1 in Conjurations
  1943 | D:2      | Reached XP level 4. HP: 9/24 MP: 5/8
  2335 | D:2      | Found a shimmering blue altar of Sif Muna.
  2394 | D:2      | Found a burning altar of Makhleb.
  2431 | D:2      | Killed Robin
  2442 | D:2      | Reached skill level 5 in Earth Magic
  2476 | D:2      | Found a shimmering altar of Xom.
  2565 | D:2      | Noticed Jessica
  2568 | D:2      | Killed Jessica
  2568 | D:2      | Reached XP level 5. HP: 28/28 MP: 5/9
  2572 | D:2      | Learned a level 2 spell: Ensorcelled Hibernation
  2651 | D:2      | Found a sacrificial altar of Ru.
  2929 | D:3      | Gained mutation: You are frail. (-10% HP) [potion of
                  | mutation]
  2929 | D:3      | Gained mutation: Scrolls take you a little longer to read.
                  | [potion of mutation]
  2929 | D:3      | Gained mutation: You have a pair of small antennae on your
                  | head. [potion of mutation]
  3738 | D:4      | Found a basalt altar of Yredelemnul.
  3744 | D:4      | Reached XP level 6. HP: 28/28 MP: 6/11
  4015 | D:4      | Reached skill level 6 in Earth Magic
  4084 | D:4      | Found a bloodstained altar of Trog.
  4163 | D:4      | Noticed a phantom
  4169 | D:4      | Reached XP level 7. HP: 20/32 MP: 9/13
  4356 | D:4      | Found an ancient bone altar of Kikubaaqudgha.
  4537 | D:5      | Entered Level 5 of the Dungeon
  4544 | D:5      | Found the +6 shillelagh "Devastator" {shatter}
  4659 | D:5      | Found a sand-covered staircase.
  4665 | Ossuary  | Entered an ossuary
  4727 | Ossuary  | Reached skill level 7 in Earth Magic
  4738 | Ossuary  | Reached skill level 5 in Spellcasting
  4890 | Ossuary  | Noticed a wraith
  4890 | Ossuary  | Noticed a flying skull
  4898 | Ossuary  | Noticed a flying skull
  4899 | Ossuary  | Noticed a flying skull
  4901 | Ossuary  | Noticed a flying skull
  4933 | Ossuary  | Noticed a wraith
  4944 | Ossuary  | Slain by a wraith

Levels and vault maps discovered:
D:1:      onia_arrival_mini_maze_b, layout_loops_ring
D:2:      layout_loops_ring, lemuel_coloured_pillars_altar, lemuel_doored_altar,
          nicolae_overflow_crystal_walls, nicolae_ru_path_of_blood, uniq_robin,
          uniq_jessica
D:3:      layout_loops_corners, serial_rivers, chequers_serial_rivers_small_a,
          chequers_serial_rivers_large_a, chequers_serial_rivers_micro_b,
          chequers_serial_rivers_micro_c, chequers_serial_rivers_micro_c,
          first_ration
D:4:      layout_rooms, kennysheep_little_box, yredelemnul_altar_generic,
          lemuel_zombie_altar_kikubaaqudgha, kennysheep_decorative_pillar
D:5:      layout_basic, nicolae_ossuary_entry_giza, hex_intersection
Ossuary:  ossuary_due_cavern

Skill      XL: |  1  2  3  4  5  6  7 |
---------------+----------------------+-----
Earth Magic    | 4 5 6 7 |  7.1
Conjurations   | 1 2 3 4 |  4.9
Spellcasting   | 3 4 5 |  5.0
Dodging        | |  1.5
Stealth        | |  2.1
Transmutations | |  0.7

Action                   |  1- 3 |  4- 6 |  7- 9 || total
-------------------------+-------+-------+-------++-------
Melee: Dagger            |    95 |   125 |     5 ||   225
       Shillelagh        |       |       |    18 ||    18
 Cast: Sandblast         |    27 |    36 |    26 ||    89
       Stone Arrow       |     1 |     3 |     1 ||     5
  Use: Scroll            |     3 |     4 |     3 ||    10
       Potion            |     2 |     3 |       ||     5
 Stab: Sleeping          |     1 |     2 |     1 ||     4
  Eat: Chunk             |     3 |     8 |     2 ||    13
Armor: Robe              |    36 |    43 |    12 ||    91
Dodge: Dodged            |    65 |    84 |    27 ||   176

Table legend:
 A = Non-vault XP
 B = Vault XP
 C = Vault XP percentage of total XP
 D = Non-vault monster count
 E = Vault monster count
 F = Vault count percentage of total count
                 A         B        C        D         E       F
            +---------+---------+-------+---------+---------+-------
      Total |     956 |     221 |  18.8 |      80 |      25 |  23.8
            +---------+---------+-------+---------+---------+-------
        D:1 |      29 |       4 |  12.1 |      15 |       2 |  11.8
        D:2 |      88 |      67 |  43.2 |      16 |       9 |  36.0
        D:3 |     107 |       0 |   0.0 |      23 |       0 |   0.0
        D:4 |     598 |       4 |   0.7 |      22 |       2 |   8.3
        D:5 |     134 |      20 |  13.0 |       4 |       3 |  42.9
    Ossuary |       0 |     126 | 100.0 |       0 |       9 | 100.0
            +---------+---------+-------+---------+---------+-------
